 Dungeon Sprint DCSS version 0.17-a0-1830-g81820eb (webtiles) character file.

69 Kidiri the Shield-Bearer (level 4, -1/45 HPs)
             Began as a Gargoyle Fighter on Sept 13, 2015.
             Slain by a water elemental (12 damage)
             ... in the Dungeon (Sprint III: "The Ten Rune Challenge").
             The game lasted 00:01:59 (619 turns).

Kidiri the Shield-Bearer (Gargoyle Fighter)          Turns: 619, Time: 00:02:00

Health: -1/45      AC: 11    Str: 25    XL:     4   Next: 20%
Magic:  4/4        EV:  8    Int:  8    God:
Gold:   19         SH: 10    Dex: 10    Spells: 0 memorised, 3 levels left

rFire  + . .     SeeInvis .     a - +0 flail
rCold  . . .     Clarity  +     b - +0 scale mail
rNeg   + . .     SustAt   .     c - +0 shield
rPois  ∞         Gourm    .     (no helmet)
rElec  +         Spirit   .     (no cloak)
rCorr  .         Warding  .     (no gloves)
rMut   .         NoTele   +     (no boots)
MR     .....                    (no amulet)
Stlth  ..........               (no ring)
                                (no ring)

@: berserking, engulfed, very slightly contaminated, hasted, very quick, not
resistant to hostile enchantments, extremely unstealthy
A: clarity, fire resistance 1, negative energy resistance 1, electricity
resistance, unbreathing, petrification resistance, rot immunity, AC +3
a: no special abilities


You were in the Dungeon.
You were not hungry.

You visited 1 branch You collected 19 gold pieces.

Inventory:

Hand weapons
 a - a +0 flail (weapon)
Armour
 b - a +0 scale mail (worn)
 c - a +0 shield (worn)
Scrolls
 k - a scroll of blinking
 n - 3 scrolls of torment {unknown}
 o - a scroll of immolation {unknown}
 p - 3 scrolls of remove curse
Potions
 d - a potion of might
 i - 2 potions of magic
 m - a potion of cure mutation
 r - 2 potions of flight {unknown}
 u - a potion of brilliance
Comestibles
 e - a bread ration
 q - a meat ration
 t - a royal jelly


   Skills:
 + Level 4.5 Fighting
 * Level 4.2 Maces & Flails
 * Level 5.2 Armour
 + Level 2.0 Dodging
 * Level 5.4 Shields


You had 3 spell levels left.
You didn't know any spells.

Dungeon Overview and Level Annotations

Branches:
Dungeon (1/1)

Altars:


Innate Abilities, Weirdness & Mutations

You are resistant to torment.
Your stone body is resilient (AC +3).
You are immune to poison.
You resist negative energy.
You are resistant to electric shocks.
You can survive without breathing.
You are immune to petrification.
You are immune to rotting.
You possess an exceptional clarity of mind.
Your flesh is heat resistant.


Message History

Drink which item? (? for menu, Esc to quit)
You feel yourself speed up. The water elemental barely misses you.
You are very lightly contaminated with residual magic.
There is an open door here.
Drink which item? (? for menu, Esc to quit)
You feel better.
Drink which item? (? for menu, Esc to quit)
A red film seems to cover your vision as you go berserk!
You feel yourself moving faster!
You feel mighty!
You sock the water elemental!
The water elemental is moderately damaged.
You barely miss the water elemental.
The water elemental is moderately damaged.
The water elemental hits you.
* * * LOW HITPOINT WARNING * * *
The water elemental engulfs you in water!
You closely miss the water elemental.
The water elemental is moderately damaged.
The water elemental hits you!
You die...

▓<.#..+...♣.♣ ♣.#
▓..#..#....♣♣♣ ♣.#
▓#'####....♣.♣ ♣.#
▓.....#....≈.♣♣♣♣.##
▓.....#...≈≈......#.
▓.....#..≈≈≈≈♣.♣..'.
▓####'#..≈≈≈≈≈≈...#.
▓)....#.≈≈≈≈≈≈....#.
▓..@..#.≈≈≈≈≈.....#.
▓.E...#.≈≈≈.......#+
▓'#####...........#
▓..E%.............#
▓▓▓▓▓▓▓▓▓▓▓▓▓▓▓▓▓▓▓


You could see a water elemental.

Vanquished Creatures
  A scorpion (D)
  A human (D)
  An ooze (D)
  3 rats (D)
6 creatures vanquished.

Vanquished Creatures (others)
  2 draconian scorchers (D)
  2 yaktaurs (D)
  A plant (D)
5 creatures vanquished.

Grand Total: 11 creatures vanquished

Notes
Turn   | Place    | Note
--------------------------------------------------------------
     0 | D        | Kidiri the Gargoyle Fighter began the quest for the Orb.
     0 | D        | Reached XP level 1. HP: 14/14 MP: 1/1
    35 | D        | Reached skill level 1 in Dodging
    35 | D        | Reached XP level 2. HP: 19/19 MP: 2/2
    84 | D        | Killed a yaktaur
   140 | D        | Reached skill level 4 in Fighting
   140 | D        | Reached XP level 3. HP: 3/24 MP: 3/3
   227 | D        | Killed a white draconian scorcher
   229 | D        | Killed a white draconian scorcher
   398 | D        | Noticed a scorpion
   416 | D        | Killed a scorpion
   416 | D        | Reached skill level 5 in Armour
   416 | D        | Reached skill level 5 in Shields
   416 | D        | Reached XP level 4. HP: 15/30 MP: 4/4
   442 | D        | Killed a yaktaur
   561 | D        | Gained mutation: You occasionally shout uncontrollably at your foes. [potion of mutation]
   561 | D        | Lost mutation: You occasionally shout uncontrollably at your foes. [potion of mutation]
   561 | D        | Gained mutation: You are somewhat resistant to further mutation. [potion of mutation]
   563 | D        | Lost mutation: You are somewhat resistant to further mutation. [potion of cure mutation]
   564 | D        | Gained mutation: You possess an exceptional clarity of mind. [potion of mutation]
   564 | D        | Gained mutation: Your flesh is heat resistant. [potion of mutation]
   591 | D        | Noticed a water elemental
   619 | D        | Slain by a water elemental

Vault maps used:
D:        dungeon_sprint_mu

Action                   |  1- 3 |  4- 6 || total
-------------------------+-------+-------++-------
Melee: Flail             |    41 |     4 ||    45
  Use: Potion            |       |     8 ||     8
       Scroll            |       |     2 ||     2
